Map: [ESL] Inside and Out

Players

Lemon - Winner!

  • Race: Terran Terran
  • Spawn Location: 7:00

Has

  • Race: Protoss Protoss
  • Spawn Location: 1:00

Event: DreamHack SC2 Masters 2022 Atlanta (Online)

VOD

Have the link to the VOD?

Description

Time

  • Played on: Sept. 28, 2022, 8:53 a.m.
  • Length: 11:53

All games in this series

Show
View Real Time Build Order
Export as new Build Order

Lemon Terran - Winner!

Build Orders:  

Get SALT Encoding   

  12  0:00  SCV  
  13  0:12  SCV  
  14  0:16  Supply Depot  
  14  0:24  SCV  
  15  0:38  SCV  
  15  0:40  Barracks  
  16  0:43  Refinery  
  16  0:50  SCV  
  16  0:52  Refinery  
  17  1:02  SCV  
  18  1:14  SCV  
  19  1:27  Supply Depot, Reaper, Orbital Command  
  20  1:41  Factory  
  20  1:53  SCV  
  21  1:59  Reaper  
  22  2:07  SCV  
  23  2:15  Command Center  
  23  2:19  SCV  
  26  2:31  SCV, Widow Mine  
  26  2:32  Bunker  
  26  2:35  Marine  
  28  2:41  Supply Depot  
  28  2:43  SCV  
  29  2:53  Widow Mine  
  31  3:02  SCV  
  30  3:14  Barracks Reactor, SCV  
  30  3:15  Starport  
  30  3:17  Widow Mine  
  33  3:26  SCV  
  34  3:32  Orbital Command  
  34  3:38  SCV  
  35  3:48  Orbital Command  
  34  3:49  Factory Tech Lab  
  34  3:51  SCV  
  34  3:53  Starport Reactor  
  34  3:54  Barracks  
  35  3:57  Barracks, Medivac  
  35  4:01  Marine x2  
  38  4:03  SCV  
  38  4:09  Siege Tank  
  42  4:12  Bunker  
  42  4:14  SCV  
  43  4:19  Marine x2  
  45  4:25  SCV  
  46  4:37  Marine x2  
  48  4:41  SCV, Siege Tank  
  48  4:44  Supply Depot  
  52  4:48  SCV  
  53  4:53  SCV  
  53  4:54  Marine  
  53  4:55  Engineering Bay, Starport Tech Lab, Marine  
  53  4:56  Barracks Tech Lab  
  53  4:57  Supply Depot  
  53  4:58  Marine  
  53  5:01  SCV  
  53  5:05  SCV  
  51  5:12  Marine x2  
  53  5:14  Refinery  
  53  5:24  SCV x2  
  53  5:25  Terran Infantry Weapons Level 1  
  53  5:28  Stimpack, Combat Shield, Marine  
  56  5:29  Marine, Starport Reactor  
  56  5:33  Supply Depot  
  56  5:34  Marine x2  
  59  5:36  SCV x2  
  59  5:39  Refinery  
  61  5:46  Marine  
  61  5:47  Marine  
  61  5:48  SCV x2, Siege Tank  
  67  5:56  Marine  
  67  5:57  Supply Depot, Marine  
  68  6:00  SCV  
  68  6:01  SCV  
  71  6:05  Medivac, Marauder x2  
  77  6:12  Supply Depot  
  77  6:17  SCV  
  78  6:18  SCV, Medivac  
  78  6:19  Supply Depot  
  77  6:27  Marine  
  77  6:28  Marine x2  
  62  6:33  Marine  
  62  6:37  SCV  
  64  6:44  SCV, Factory Reactor  
  64  6:45  Marine x2  
  64  6:46  Marine  
  65  6:49  SCV  
  65  6:54  Marine  
  53  7:03  SCV x2, Marine x2  
  57  7:10  Marine  
  57  7:11  Marine  
  56  7:18  SCV  
  56  7:19  SCV  
  56  7:21  Marine x2  
  59  7:28  Marine  
  59  7:29  Marine  
  57  7:31  SCV x2  
  57  7:34  Widow Mine x2  
  63  7:39  Marine x2  
  63  7:43  SCV x2, Terran Infantry Armor Level 1  
  67  7:45  Medivac  
  67  7:51  Marauder  
  71  7:53  Marauder  
  71  7:55  SCV  
  71  7:56  Marine  
  71  7:57  Marine  
  76  8:00  Widow Mine  
  76  8:01  Widow Mine  
  76  8:02  SCV  
  81  8:07  SCV  
  82  8:15  SCV  
  82  8:16  Missile Turret  
  82  8:17  Missile Turret  
  82  8:19  SCV  
  84  8:21  Marauder x2, Marine x2  
  89  8:27  SCV  
  91  8:34  Medivac, Widow Mine  
  91  8:35  Medivac  
  98  8:45  Command Center  
  96  8:51  Marauder  
  96  8:52  Marauder, Marine  
  96  8:54  Marine  
  102  9:00  SCV  
  102  9:01  SCV  
  98  9:07  Medivac  
  98  9:09  Medivac  
  97  9:10  Marine  
  97  9:12  Marine  
  97  9:17  SCV x2, Barracks  
  101  9:28  Marauder  
  98  9:34  SCV  
  99  9:39  Armory  
  99  9:40  SCV  
  99  9:43  Barracks  
  99  9:44  Marauder  
  102  9:54  Marine  
  102  9:55  SCV  
  102  9:56  Marine  
  102  9:57  Widow Mine x2  
  109  10:00  Marauder  
  109  10:01  Medivac x2, Orbital Command  
  109  10:06  Marauder  
  115  10:08  Marauder  
  115  10:14  Missile Turret  
  117  10:19  Ghost Academy  
  117  10:25  Supply Depot  
  117  10:35  Concussive Shells  
  117  10:36  Barracks Reactor  
  117  10:39  Supply Depot  
  117  10:46  SCV x2  
  117  10:47  Marauder x3  
  125  10:52  Supply Depot, Orbital Command  
  125  10:54  Supply Depot  
  125  11:00  Marine x2  
  127  11:05  SCV x2  
  127  11:10  Marauder x2  
  133  11:22  Ghost  
Show
View Real Time Build Order
Export as new Build Order

Has Protoss 

Build Orders:  

Get SALT Encoding   

  12  0:00  Probe  
  13  0:13  Probe  
  14  0:25  Probe  
  15  0:31  Pylon  
  15  0:49  Probe, Gateway  
  16  0:51  Gateway  
  16  1:01  Probe  
  16  1:02  Assimilator  
  17  1:13  Probe  
  18  1:23  Pylon  
  18  1:25  Probe  
  19  1:35  Zealot (Chrono Boost)  
  19  1:37  Probe  
  22  1:41  Cybernetics Core  
  22  1:49  Probe  
  23  1:58  Nexus  
  23  2:01  Probe  
  23  2:10  Assimilator  
  23  2:15  Stalker (Chrono Boost)  
  24  2:19  Warp Gate  
  25  2:23  Shield Battery  
  25  2:25  Probe  
  26  2:37  Probe  
  26  2:42  Robotics Facility  
  27  2:49  Probe  
  28  2:52  Stalker  
  30  3:02  Probe  
  31  3:10  Probe  
  32  3:14  Probe  
  32  3:16  Gateway  
  33  3:23  Probe  
  33  3:25  Gateway  
  34  3:29  Probe  
  35  3:35  Probe  
  35  3:41  Probe  
  36  3:44  Observer (Chrono Boost)  
  36  3:47  Probe  
  37  3:53  Probe  
  38  3:57  Warp Prism (Chrono Boost)  
  38  3:59  Probe  
  41  4:06  Twilight Council  
  41  4:09  Probe  
  42  4:12  Pylon  
  42  4:21  Stalker x2  
  46  4:41  Pylon  
  46  4:43  Probe x2  
  48  4:50  Charge (Chrono Boost)  
  48  4:57  Stalker x2  
  52  5:13  Warp Prism (Chrono Boost), Gateway  
  54  5:14  Gateway  
  54  5:17  Gateway  
  54  5:19  Gateway  
  54  5:27  Pylon  
  54  5:30  Zealot x3  
  60  5:39  Pylon  
  60  5:54  Zealot x3  
  66  5:58  Pylon x2  
  66  6:14  Pylon  
  66  6:24  Zealot x7  
  57  6:40  Dark Shrine  
  57  6:46  Zealot x7  
  49  7:06  Zealot x6  
  49  7:07  Zealot  
  63  7:13  Probe  
  63  7:14  Probe  
  59  7:27  Warp Prism (Chrono Boost)  
  49  7:34  Probe x2  
  53  7:49  Nexus  
  53  7:50  Probe x2  
  55  7:52  Dark Templar  
  55  7:53  Dark Templar  
  55  7:57  Dark Templar  
  61  7:59  Zealot x4  
  61  8:04  Pylon  
  61  8:05  Probe  
  70  8:07  Probe  
  61  8:28  Zealot x6  
  61  8:31  Dark Templar  
  75  8:37  Probe x2  
  77  8:48  Zealot x3, Sentry  
  79  8:51  Zealot  
  79  8:52  Zealot  
  84  9:07  Zealot x2  
  84  9:09  Zealot x3  
  82  9:13  Zealot  
  82  9:15  Zealot  
  86  9:18  Probe x2  
  86  9:21  Probe  
  89  9:30  Probe  
  85  9:39  Dark Templar  
  85  9:40  Dark Templar  
  85  9:42  Zealot x2  
  85  9:43  Zealot  
  95  9:51  Archon  
  95  9:53  Warp Prism (Chrono Boost)  
  95  9:56  Pylon  
  95  10:03  Zealot x3  
  101  10:21  Gateway  
  101  10:22  Dark Templar x2  
  101  10:23  Zealot x2  
  101  10:24  Gateway  
  101  10:26  Archon  
  109  10:34  Observer (Chrono Boost)  
  110  10:41  Pylon  
  110  10:46  Zealot x4  
  118  10:50  Gateway  
  118  10:51  Pylon  
  118  10:52  Observer (Chrono Boost)  
  117  11:12  Warp Prism (Chrono Boost)  
  117  11:16  Zealot x4  
  117  11:17  Zealot x3  
Tags
 
Add a new tag
Caveats
  • Supply blocks, unpowered buildings, or Contaminate may cause inaccurate times.
  • Supply counts are checked every 10 seconds.